 Dungeon Crawl Stone Soup version 0.19.5 (webtiles) character file.

76656 Keye the Severer (level 15, -1/142 HPs)
             Began as a Deep Dwarf Fighter on May 11, 2017.
             Was the Champion of Makhleb.
             Slain by a six-headed hydra (5 damage)
             ... called by a spriggan druid
             ... on level 4 of the Swamp.
             The game lasted 00:59:00 (16663 turns).

Keye the Severer (Deep Dwarf Fighter)              Turns: 16663, Time: 00:59:01

Health: -1/142     AC: 26    Str: 27    XL:     15   Next: 13%
Magic:  7/7        EV: 14    Int:  8    God:    Makhleb [******]
Gold:   2392       SH:  0    Dex: 18    Spells: 0 memorised, 14 levels left

rFire  + . .     SeeInvis .     l - +6 executioner's axe (drain)
rCold  . . .     Gourm    +     O - +2 plate armour {rF+}
rNeg   + . .     Faith    .     (shield currently unavailable)
rPois  +         Spirit   .     q - +0 helmet (curse)
rElec  .         Reflect  .     y - +2 cloak {MR+}
rCorr  .         Harm     .     r - +1 pair of gloves
MR     +++..                    J - +0 pair of boots
Stlth  ..........               k - amulet of the gourmand
                                b - +6 ring of dexterity
                                S - ring of poison resistance

@: very slightly contaminated, non-regenerating
A: damage resistance, recharge devices, negative energy resistance 1, sense
surroundings 2, slow regeneration 3
a: Device Recharging, Minor Destruction, Lesser Servant of Makhleb, Major
Destruction, Greater Servant of Makhleb, Renounce Religion


You were on level 4 of the Swamp.
You worshipped Makhleb.
Makhleb was exalted by your worship.
You were very full.

You visited 4 branches of the dungeon, and saw 23 of its levels.
You also visited: Labyrinth.

You collected 2392 gold pieces.

Inventory:

Hand Weapons
 l - a +6 executioner's axe of draining (weapon)
 H - the +3 quarterstaff of Qazlal's Benevolence {elec, MR++ Str+4 Int-4 Stlth+}
   (You found it on level 6 of the Dungeon)

   Occasionally, upon striking a foe, it will discharge some electrical energy
   and cause terrible harm.
   It affects your strength (+4).
   It affects your intelligence (-4).
   It affects your resistance to hostile enchantments.
   It makes you more stealthy.
 V - a +1 great mace of protection
Armour
 q - a cursed +0 helmet (worn)
 r - a +1 pair of gloves (worn)
 v - a +0 plate armour
 y - a +2 cloak of magic resistance (worn)
 J - a +0 pair of boots (worn)
 O - a +2 plate armour of fire resistance (worn)
Jewellery
 b - a +6 ring of dexterity (right hand)
 k - an amulet of the gourmand (around neck)
 N - a +4 ring of dexterity
 P - an uncursed ring of flight
 S - a ring of poison resistance (left hand)
 Z - a +4 ring of strength
Wands
 a - a wand of paralysis (7/24)
 e - a wand of heal wounds (7/9)
 h - a wand of lightning (7/15)
 i - a wand of polymorph (13/24)
 s - a wand of paralysis (6/24)
 t - a wand of slowing (25/48)
 A - a wand of hasting (7/9)
 K - a wand of slowing (15/48)
 R - a wand of digging (5/24)
 U - a wand of digging (11/24)
Scrolls
 o - 10 scrolls of remove curse
 w - 2 scrolls of magic mapping
 x - 6 scrolls of teleportation
 I - a scroll of fear
 L - a scroll of enchant armour
 Q - 3 scrolls of fog
 W - a scroll of silence
 X - 5 scrolls of identify
 Y - a scroll of amnesia
Potions
 c - 2 potions of brilliance {unknown}
 d - 3 potions of might
 g - 9 potions of curing
 j - 3 potions of cure mutation
 p - 4 potions of heal wounds
 z - 4 potions of haste
 D - 2 potions of resistance
 E - 3 potions of agility
 G - 2 potions of magic
 M - a potion of berserk rage
Comestibles
 f - 8 bread rations
 m - 2 royal jellies
 n - 8 fruits
 u - 2 beef jerkies
 C - 5 chunks of flesh
 F - 11 meat rations
 T - 9 slices of pizza


   Skills:
 + Level 11.3 Fighting
 * Level 20.6 Axes
 - Level 11.0 Armour
 - Level 10.3 Dodging
   Level 3.2 Shields


You had 14 spell levels left.
You didn't know any spells.

Dungeon Overview and Level Annotations

Branches:
Dungeon (12/15)            Temple (0/1) D:7            Lair (5/6) D:9
  Swamp (4/4) Lair:3       Spider (0/4) Lair:2          Orc (2/2) D:12
    Elf (0/3) Orc:2
  Slime: Lair:5-6

Altars:
Dithmenos
Fedhas
Hepliaklqana
Kikubaaqudgha
Makhleb
Okawaru
Qazlal
Sif Muna
Trog
Uskayaw
Vehumet
Xom
The Shining One
Beogh

Shops:
D:6 :   D:10 }   D:11 :   Orc:1 :   Orc:2 ((*!

Annotations:
Swamp:4 Lernaean hydra


Innate Abilities, Weirdness & Mutations

You are resistant to damage.
You can recharge devices by infusing magical energy.
You resist negative energy. (rN+)
You passively map the area around you.
You do not regenerate.


Message History

You enter the shallow water.
Moving in this stuff is going to be slow.
A slime creature comes into view.
The slime creature quivers.
Tree limbs sway around you.
The forest calms down.
The swamp worm barely misses you. The six-headed hydra barely misses you.
The six-headed hydra bites you but does no damage. x3
The six-headed hydra closely misses you.
The six-headed hydra misses you. The swamp worm barely misses you.
The six-headed hydra misses you. The six-headed hydra bites you!
* * * LOW HITPOINT WARNING * * *
The six-headed hydra barely misses you. x2; The six-headed hydra bites you.
* * * LOW HITPOINT WARNING * * *
The six-headed hydra bites you.
A slime creature comes into view. 2 slime creatures come into view.
The slime creature quivers. x2
The six-headed hydra bites you but does no damage. x2
The six-headed hydra bites you!
You die...

♣♣♣ ..♣♣ ...♣ ≈≈≈♣♣ ♣♣♣
♣♣♣♣ ≈)≈.♣♣
♣≈♣♣♣♣♣♣♣.<♣♣♣♣♣♣ ..≈≈.♣♣
♣≈≈...≈.....≈≈≈.♣
).)...♣♣♣.≈≈.≈≈..≈≈≈≈.≈≈.♣
)≈..≈≈.♣≈....≈≈≈.≈≈≈.≈≈.≈.
.♣..≈≈.≈÷.§..≈≈≈@≈≈.♣♣♣≈≈.
≈≈..≈≈≈≈♣≈≈≈≈≈≈≈Dw♣♣♣ ≈.*
..≈≈≈≈.♣≈≈≈≈≈≈≈≈≈≈.♣♣♣* *♣
≈≈≈≈≈≈≈.≈≈≈≈≈≈≈≈≈≈≈≈.♣♣
≈≈≈≈≈≈≈≈≈J≈≈≈≈J≈≈≈≈≈≈≈♣
≈≈≈≈≈≈≈.≈≈J≈≈≈≈≈≈≈≈≈≈.♣
..≈≈≈....≈J≈≈≈≈≈..≈.♣♣♣
≈♣.....≈≈≈JJ..≈≈.≈≈.♣
.♣♣§≈.≈≈≈≈.♣..≈≈≈≈≈≈≈


You could see a six-headed hydra, 6 slime creatures and a swamp worm.

Vanquished Creatures
  An orc warlord (Orc:1)
  A very ugly thing (Swamp:3)
  An ettin (Orc:2)
  Snorg (Lair:4)
  A minotaur (Lab)
  2 ghost crabs
  8 hydras
  A centaur warrior (D:9)
  The ghost of sevenseve the Protected, a journeyman GrFi of the Shining One (D:12)
  6 alligators
  Erica (D:11)
  The ghost of McKennaii the Thaumaturge, a journeyman DEFE of Vehumet (D:12)
  A tengu warrior (D:9)
  8 orc high priests (Orc:2)
  5 death yaks
  Nergalle (D:11)
  The ghost of McKennaii the Thaumaturge, a novice DEFE (D:8)
  2 spriggan druids
  5 swamp dragons
  A shambling mangrove (Swamp:1)
  4 hill giants
  An orb spider (Lair:2)
  An ugly thing (D:11)
  A cyclops (D:12)
  2 deep elf magi (D:12)
  10 elephants (Lair:5)
  Joseph (D:7)
  A black mamba (Lair:1)
  A gargoyle (D:10)
  6 spiny frogs
  5 komodo dragons
  3 polar bears
  5 trolls
  A tyrant leech (Swamp:3)
  9 hornets
  10 blink frogs
  6 bog bodies
  10 hippogriffs
  9 slime creatures
  5 spriggans
  7 shadows
  4 wyverns
  A vampire (D:12)
  A fire elemental (D:12)
  16 yaks
  2 basilisks
  5 hungry ghosts
  2 steam dragons (D:10)
  7 vampire mosquitoes
  Grum (Lair:1)
  8 insubstantial wisps
  10 swamp worms
  12 wargs
  4 water moccasins
  Edmund (D:5)
  A hell hound (D:12)
  3 porcupines
  7 sky beasts
  3 ice beasts
  20 orc warriors
  9 swamp drakes
  A black bear (Lair:2)
  A phantom (D:10)
  10 ogres
  4 necrophages
  The ghost of SuqMadiq the Cudgeler, an amateur HuMo (D:3)
  2 eyes of draining (D:7)
  3 centaurs
  4 wolves (Lair:1)
  10 crocodiles
  4 big kobolds
  12 bullfrogs
  2 wyvern skeletons (D:12)
  3 scorpions
  13 killer bees
  8 wights
  A howler monkey (D:12)
  4 crimson imps
  An electric eel (Lair:2)
  A centaur zombie (D:9)
  A bullfrog zombie (D:8)
  36 orc priests
  4 hounds
  Crazy Yiuf (D:6)
  3 jellies
  18 orc wizards
  3 centaur skeletons
  A gnoll shaman (D:9)
  3 iguanas
  6 worker ants
  3 hound skeletons
  A worker ant zombie (D:11)
  Robin (D:4)
  11 gnolls
  9 adders
  2 shadow imps
  12 white imps (D:11)
  An ooze (D:2)
  2 adder zombies
  2 worms
  2 dart slugs
  3 leopard geckos
  86 orcs
  10 bats
  5 giant cockroaches
  19 goblins
  9 hobgoblins
  3 jackals (D:1)
  3 quokkas
  3 frilled lizards
  34 kobolds
  A quokka skeleton (D:6)
  5 rats
  8 plants
660 creatures vanquished.

Vanquished Creatures (others)
  A blink frog (Swamp:4)
  A wight (D:8)
  A centaur zombie (D:6)
  An orc priest (D:8)
  An adder (D:8)
  An orc (D:8)
  4 fungi
  A plant (Lair:5)
11 creatures vanquished.

Grand Total: 671 creatures vanquished

Notes
Turn   | Place    | Note
-------+----------+-------------------------------------------
     0 | D:1      | Keye the Deep Dwarf Fighter began the quest for the Orb.
     0 | D:1      | Reached XP level 1. HP: 20/20 MP: 1/1
   163 | D:1      | Reached skill level 3 in Axes
   163 | D:1      | Reached XP level 2. HP: 24/27 MP: 2/2
   511 | D:2      | Reached XP level 3. HP: 33/33 MP: 3/3
   521 | D:2      | Reached skill level 4 in Axes
   650 | D:2      | Found a deep blue altar of Sif Muna.
   968 | D:2      | Reached XP level 4. HP: 22/40 MP: 4/4
  1343 | D:3      | Reached skill level 5 in Axes
  1402 | D:3      | Noticed SuqMadiq's ghost (amateur HuMo)
  1428 | D:3      | Killed SuqMadiq's ghost
  1428 | D:3      | Reached skill level 6 in Axes
  1428 | D:3      | Reached XP level 5. HP: 22/46 MP: 5/5
  1526 | D:3      | Found a stormy altar of Qazlal.
  1752 | D:3      | Reached skill level 7 in Axes
  1752 | D:3      | Reached XP level 6. HP: 52/55 MP: 6/6
  1966 | D:4      | Found an ancient bone altar of Kikubaaqudgha.
  1993 | D:4      | Found a blossoming altar of Fedhas.
  1996 | D:4      | Noticed Robin
  2026 | D:4      | Killed Robin
  2065 | D:4      | Found a burning altar of Makhleb.
  2076 | D:4      | Became a worshipper of Makhleb the Destroyer
  2415 | D:5      | Entered Level 5 of the Dungeon
  2454 | D:5      | Reached skill level 1 in Dodging
  2458 | D:5      | Found a faded altar of an unknown god.
  2458 | D:5      | Found a shadowy altar of Dithmenos.
  2463 | D:5      | Found a faded altar of an unknown god.
  2465 | D:5      | Found a faded altar of an unknown god.
  2467 | D:5      | Found a faded altar of an unknown god.
  2503 | D:5      | Reached XP level 7. HP: 35/62 MP: 7/7
  2532 | D:5      | Noticed Edmund
  2552 | D:5      | Killed Edmund
  2698 | D:5      | HP: 3/62 [ogre/giant spiked club (14)]
  2702 | D:5      | Reached skill level 8 in Axes
  2934 | D:6      | Reached * piety under Makhleb
  2934 | D:6      | Reached XP level 8. HP: 20/72 MP: 8/8
  2954 | D:6      | Found an iron altar of Okawaru.
  3075 | D:6      | Got an encrusted quarterstaff
  3086 | D:6      | Reached skill level 5 in Armour
  3118 | D:6      | Found a radiant altar of Vehumet.
  3165 | D:6      | Found a runed door.
  3247 | D:6      | Found Oskuokh's Book Shoppe.
  3457 | D:6      | Reached skill level 9 in Axes
  3620 | D:6      | Noticed Crazy Yiuf
  3626 | D:6      | Killed Crazy Yiuf
  3736 | D:7      | Found a bloodstained altar of Trog.
  4098 | D:7      | Noticed a hippogriff
  4111 | D:7      | Killed a hippogriff
  4111 | D:7      | Gained mutation: You passively map the area around you. [Deep Dwarf growth]
  4111 | D:7      | Reached XP level 9. HP: 31/80 MP: 9/9
  4314 | D:7      | Reached skill level 10 in Axes
  4382 | D:7      | Noticed Joseph
  4396 | D:7      | Reached skill level 5 in Fighting
  4446 | D:7      | Killed Joseph
  4446 | D:7      | Reached skill level 5 in Dodging
  4506 | D:7      | Found a staircase to the Ecumenical Temple.
  4519 | D:7      | Paralysed by a hornet for 2 turns
  4525 | D:7      | Paralysed by a hornet for 1 turns
  4765 | D:8      | Noticed McKennaii's ghost (novice DEFE)
  4801 | D:8      | HP: 4/81 [McKennaii's ghost/fireball (6)]
  4807 | D:8      | HP: 1/81 [McKennaii's ghost/spray of energy (3)]
  4820 | D:8      | Killed McKennaii's ghost
  4820 | D:8      | Reached ** piety under Makhleb
  4820 | D:8      | Reached skill level 11 in Axes
  4864 | D:8      | Found a shimmering altar of Xom.
  4874 | D:8      | Reached XP level 10. HP: 39/91 MP: 8/8
  5439 | D:9      | Noticed a centaur warrior
  5453 | D:9      | Killed a centaur warrior
  5453 | D:9      | Reached skill level 12 in Axes
  5468 | D:9      | Noticed a tengu warrior
  5498 | D:9      | Killed a tengu warrior
  5567 | D:9      | Found a staircase to the Lair.
  5803 | D:9      | Reached *** piety under Makhleb
  5906 | D:9      | Found a glowing golden altar of the Shining One.
  5958 | D:9      | Found a hide-covered altar of Uskayaw.
  6158 | D:10     | Entered Level 10 of the Dungeon
  6173 | D:10     | Reached XP level 11. HP: 45/100 MP: 9/9
  6203 | D:10     | Noticed a hill giant
  6215 | D:10     | Killed a hill giant
  6215 | D:10     | Reached skill level 13 in Axes
  6253 | D:10     | Found a hazy altar of Hepliaklqana.
  6328 | D:10     | Noticed a hill giant
  6334 | D:10     | Killed a hill giant
  6344 | D:10     | Identified 3 scrolls of acquirement
  6524 | D:10     | Reached **** piety under Makhleb
  6557 | D:10     | Found Vywobb's Gadget Emporium.
  6629 | D:10     | Reached skill level 14 in Axes
  6755 | Lair:1   | Entered Level 1 of the Lair of Beasts
  6792 | Lair:1   | Noticed Grum
  6811 | Lair:1   | Killed Grum
  7426 | Lair:2   | Found a hole to the Spider Nest.
  7426 | Lair:2   | Noticed an orb spider
  7551 | Lair:2   | Killed an orb spider
  7551 | Lair:2   | Reached skill level 15 in Axes
  7770 | Lair:2   | Identified the +3 quarterstaff of Qazlal's Benevolence {elec, MR++ Str+4 Int-4 Stlth+} (You found it on level 6 of the Dungeon)
  8180 | Lair:3   | Found a labyrinth entrance.
  8194 | Lab      | Entered a labyrinth
  8465 | Lab      | Noticed a minotaur
  8474 | Lab      | Killed a minotaur
  8483 | Lab      | Identified the Incunabulum of Translocation
  8490 | Lab      | Identified the Catalogue of Hexes
  8536 | Lair:3   | Reached skill level 16 in Axes
  8536 | Lair:3   | Reached XP level 12. HP: 59/109 MP: 8/8
  8644 | Lair:3   | Found a staircase to the Swamp.
  8663 | Lair:3   | Found a glowing golden altar of the Shining One.
  9197 | Lair:4   | Noticed Snorg
  9216 | Lair:4   | Killed Snorg
  9298 | Lair:4   | Reached ***** piety under Makhleb
  9409 | Lair:4   | Noticed a death yak
  9410 | Lair:4   | Noticed a death yak
  9410 | Lair:4   | Noticed a death yak
  9411 | Lair:4   | Noticed a death yak
  9411 | Lair:4   | Noticed a death yak
  9437 | Lair:3   | Killed a death yak
  9444 | Lair:3   | Killed a death yak
  9452 | Lair:4   | Killed a death yak
  9454 | Lair:4   | Killed a death yak
  9454 | Lair:4   | Reached skill level 17 in Axes
  9456 | Lair:4   | Killed a death yak
 10643 | D:11     | Noticed Erica
 10651 | D:11     | Killed Erica
 10672 | D:11     | Reached XP level 13. HP: 99/117 MP: 8/8
 10676 | D:11     | Noticed Nergalle
 10683 | D:11     | Killed Nergalle
 10683 | D:11     | Reached skill level 10 in Armour
 10792 | D:11     | Found a frozen archway.
 10883 | D:11     | Found Ijiot's Book Shop.
 11090 | D:12     | Noticed McKennaii's ghost (journeyman DEFE)
 11102 | D:12     | Killed McKennaii's ghost
 11512 | D:12     | Noticed sevenseve's ghost (journeyman GrFi)
 11520 | D:12     | Killed sevenseve's ghost
 11561 | D:12     | Found a staircase to the Orcish Mines.
 11578 | D:12     | Found a roughly hewn altar of Beogh.
 11902 | D:12     | Reached ****** piety under Makhleb
 11926 | Orc:1    | Entered Level 1 of the Orcish Mines
 11926 | Orc:1    | Found Okaidd's Book Shop.
 12132 | Orc:1    | Noticed an orc warlord
 12176 | D:12     | Reached skill level 18 in Axes
 12198 | Orc:1    | Killed an orc warlord
 12198 | Orc:1    | Reached skill level 10 in Dodging
 12369 | Orc:2    | Entered Level 2 of the Orcish Mines
 12521 | Orc:2    | Found Naohishuac's Magic Scroll Boutique.
 12559 | Orc:2    | Found a staircase to the Elven Halls.
 12938 | Orc:2    | Noticed an ettin
 12945 | Orc:2    | Killed an ettin
 12965 | Orc:2    | Found Vuynucro's Antique Weapon Shop.
 12993 | Orc:2    | Found Zaghupn's Antique Weapon Emporium.
 13095 | Orc:2    | Found Coohojeu's Assorted Antiques.
 13127 | Orc:2    | Gained mutation: You resist negative energy. (rN+) [Deep Dwarf growth]
 13127 | Orc:2    | Reached XP level 14. HP: 80/129 MP: 8/8
 13136 | Orc:2    | Found Adoidun's Distillery.
 13180 | Orc:2    | Found a roughly hewn altar of Beogh.
 13985 | Lair:5   | Reached skill level 10 in Fighting
 14081 | Lair:5   | Reached skill level 19 in Axes
 14368 | Swamp:1  | Entered Level 1 of the Swamp
 15672 | Swamp:3  | Noticed a brown very ugly thing
 15684 | Swamp:3  | Killed a brown very ugly thing
 15955 | Swamp:3  | Reached skill level 20 in Axes
 16345 | Swamp:4  | Entered Level 4 of the Swamp
 16504 | Swamp:4  | Reached XP level 15. HP: 133/142 MP: 9/9
 16541 | Swamp:4  | Noticed the 27-headed Lernaean hydra
 16661 | Swamp:4  | HP: 4/142 [six-headed hydra[a spriggan druid] (5)]
 16663 | Swamp:4  | Slain by a six-headed hydra

Skill      XL: |  1  2  3  4  5  6  7  8  9 10 11 12 13 14 |
---------------+-------------------------------------------+-----
Axes           | 3 4 6 7 8 9 11 12 16 17 18 20 | 20.6
Fighting       | 3 4 6 7 8 9 11 | 11.3
Dodging        | 1 2 4 6 7 9 10 | 10.3
Armour         | 4 6 7 8 9 11 | 11.0
Shields        | |  3.2

Action                   |  1- 3 |  4- 6 |  7- 9 | 10-12 | 13-15 || total
-------------------------+-------+-------+-------+-------+-------++-------
Melee: War axe           |   152 |   167 |   356 |    41 |       ||   716
       Battleaxe         |       |       |       |   290 |       ||   290
       Executioner's axe |       |       |       |   388 |   726 ||  1114
       Quarterstaff      |       |       |       |       |    69 ||    69
 Abil: Device Recharging |       |       |     2 |     3 |     3 ||     8
Evoke: Wand              |     1 |     3 |    15 |    13 |    11 ||    43
  Use: Scroll            |       |     9 |     4 |    24 |     5 ||    42
       Potion            |       |       |     2 |     2 |     2 ||     6
 Stab: Confused          |       |       |       |       |     2 ||     2
  Eat: Chunk             |    13 |     7 |     7 |    37 |    20 ||    84
       Bread ration      |       |       |     2 |       |       ||     2
Armor: Scale mail        |    89 |    55 |       |       |       ||   144
       Plate armour      |       |    82 |   252 |   559 |   875 ||  1768
Dodge: Dodged            |    93 |    72 |   151 |   494 |   807 ||  1617
